PAA
ASHEVILLE HIGHLANDERS @ LANNISTER UNITED LIONHEARTS
09/18/2030
 
TOP OF THE 1ST
Asheville Highlanders batting - Pitching for Lannister United Lionhearts : LHP Pedro Tavárez
Pitching: LHP Pedro Tavárez
Batting: RHB Víctor Hernández 0-0: Ball
1-0: Ground out 6-3 (Groundball, 6)
Batting: SHB Robert Hillier 0-0: Ball
1-0: Ball
2-0: Ground out 6-3 (Groundball, 6)
Batting: RHB Craig Tricket 0-0: Foul Ball, location: 2F
0-1: Foul Ball, location: 2F
0-2: Ground out 1-3 (Groundball, P)
Top of the 1st over - 0 runs, 0 hits, 0 errors, 0 left on base; Asheville 0 - Lannister United 0
BOTTOM OF THE 1ST
Lannister United Lionhearts batting - Pitching for Asheville Highlanders : RHP Julián Menchaca
Pitching: RHP Julián Menchaca
Batting: RHB Juan Capmany 0-0: Foul Ball, location: 2F
0-1: Ball
1-1: Ground out 5-3 (Groundball, 5L)
Batting: RHB Cristo Cuervo 0-0: Called Strike
0-1: Foul Ball, location: 2F
0-2: Ball
1-2: Ball
2-2: Foul Ball, location: 2F
2-2: Ground out 6-3 (Groundball, 6)
Batting: RHB Rob Ingram 0-0: Foul Ball, location: 2F
0-1: Ball
1-1: Foul Ball, location: 2F
1-2: Foul Ball, location: 2F
1-2: Fly out, F8 (Flyball, 8RD)
Bottom of the 1st over - 0 runs, 0 hits, 0 errors, 0 left on base; Asheville 0 - Lannister United 0
TOP OF THE 2ND
Asheville Highlanders batting - Pitching for Lannister United Lionhearts : LHP Pedro Tavárez
Batting: RHB Dan Parkinson 0-0: Swinging Strike
0-1: Ball
1-1: Ball
2-1: Called Strike
2-2: Foul Ball, location: 2F
2-2: Strikes out swinging
Batting: SHB Juan Carlos Santos 0-0: Called Strike
0-1: Swinging Strike
0-2: Ball
1-2: SINGLE (Groundball, 34D)
Batting: LHB Jordan Westacott 0-0: Called Strike
0-1: Ball
1-1: Fielders Choice at 2nd, 4-6 (Groundball, 4)
Batting: LHB Pedro Gutiérrez 0-0: Hit by Pitch
Jordan Westacott to second
Batting: RHB Jarred Cobb 0-0: Foul Ball, location: 2F
0-1: Foul Ball, location: 2F
0-2: Strikes out swinging
Top of the 2nd over - 0 runs, 1 hit, 0 errors, 2 left on base; Asheville 0 - Lannister United 0
BOTTOM OF THE 2ND
Lannister United Lionhearts batting - Pitching for Asheville Highlanders : RHP Julián Menchaca
Batting: LHB Jayden Laming 0-0: Called Strike
0-1: Fly out, F8 (Flyball, 89D)
Batting: LHB Santiago Miranda 0-0: Fly out, F9 (Flyball, 9S)
Batting: RHB Tabor de Maria 0-0: Ball
1-0: Fly out, F4 (Flyball, 4MD)
Bottom of the 2nd over - 0 runs, 0 hits, 0 errors, 0 left on base; Asheville 0 - Lannister United 0
TOP OF THE 3RD
Asheville Highlanders batting - Pitching for Lannister United Lionhearts : LHP Pedro Tavárez
Batting: LHB Félix Calixto 0-0: Ground out 3-1 (Groundball, 34)
Batting: RHB Víctor Hernández 0-0: Ball
1-0: Ball
2-0: Ball
3-0: Base on Balls
Batting: SHB Robert Hillier 0-0: Called Strike
0-1: Ball
1-1: Ball
2-1: Fly out, F8 (Flyball, 8LD)
Batting: RHB Craig Tricket 0-0: Swinging Strike
0-1: Ball
1-1: Foul Ball, location: 2F
1-2: SINGLE (Groundball, 6MD)
Víctor Hernández to second
Runner from 2nd tries for 3rd, SAFE, throw made to third
Batting: RHB Dan Parkinson 0-0: Foul Ball, location: 2F
0-1: Ball
1-1: Fly out, F8 (Flyball, 8RS)
Top of the 3rd over - 0 runs, 1 hit, 0 errors, 2 left on base; Asheville 0 - Lannister United 0
BOTTOM OF THE 3RD
Lannister United Lionhearts batting - Pitching for Asheville Highlanders : RHP Julián Menchaca
Batting: RHB José García 0-0: Ball
1-0: Called Strike
1-1: Ball
2-1: Ball
3-1: Base on Balls
Batting: RHB Manuel Ramos 0-0: Ball
1-0: Called Strike
1-1: Ball
2-1: Fly out, F9 (Line Drive, 89S)
Batting: RHB Lee Storment 0-0: Foul Ball, location: 2F
0-1: Ball
1-1: Ball
2-1: Ball
José García steals 2nd base
3-1: Called Strike
3-2: SINGLE (Line Drive, 34D)
José García to third
Runner from 3rd tries for Home, SAFE, no throw
Batting: RHB Juan Capmany 0-0: Fly out, F8 (Flyball, 8RXD)
Batting: RHB Cristo Cuervo 0-0: Fly out, F3 (Popup, 3SF)
Bottom of the 3rd over - 1 run, 1 hit, 0 errors, 1 left on base; Asheville 0 - Lannister United 1
TOP OF THE 4TH
Asheville Highlanders batting - Pitching for Lannister United Lionhearts : LHP Pedro Tavárez
Batting: SHB Juan Carlos Santos 0-0: Foul Ball, location: 2F
0-1: SINGLE (Line Drive, 6MD)
Batting: LHB Jordan Westacott 0-0: Called Strike
0-1: Ball
1-1: Ground out 4-3 (Groundball, 34)
Juan Carlos Santos to second
Batting: LHB Pedro Gutiérrez 0-0: Called Strike
0-1: Ball
1-1: Ball
2-1: SINGLE (Line Drive, 3D)
Juan Carlos Santos to third
Batting: RHB Jarred Cobb 0-0: Ball
1-0: Ball
2-0: Ball
3-0: Base on Balls
Pedro Gutiérrez to second
Batting: LHB Félix Calixto 0-0: SINGLE (Line Drive, 4MD)
Juan Carlos Santos scores
Pedro Gutiérrez to third
Jarred Cobb to second
Batting: RHB Víctor Hernández 0-0: Ball
1-0: Ball
2-0: SINGLE (Groundball, 6MD)
Pedro Gutiérrez scores
Jarred Cobb to third
Félix Calixto to second
Batting: SHB Robert Hillier 0-0: Foul Ball, location: 2F
0-1: Swinging Strike
0-2: Strikes out swinging
Batting: RHB Craig Tricket 0-0: Fielders Choice at 2nd, 5-4 (Groundball, 5L)
Top of the 4th over - 2 runs, 4 hits, 0 errors, 3 left on base; Asheville 2 - Lannister United 1
BOTTOM OF THE 4TH
Lannister United Lionhearts batting - Pitching for Asheville Highlanders : RHP Julián Menchaca
Batting: RHB Rob Ingram 0-0: Swinging Strike
0-1: Ball
1-1: Fly out, F7 (Flyball, 78D)
Batting: LHB Jayden Laming 0-0: Ball
1-0: SINGLE (Flyball, 7LS)
Batting: LHB Santiago Miranda 0-0: Ball
1-0: Foul Ball, location: 2F
1-1: Ball
Jayden Laming steals 2nd base
2-1: Called Strike
Jayden Laming is caught stealing 3rd base
2-2: Foul Ball, location: 2F
2-2: SINGLE (Groundball, 3S) (infield hit)
Batting: RHB Tabor de Maria 0-0: Ball
1-0: Fly out, F5 (Line Drive, 56S)
Bottom of the 4th over - 0 runs, 2 hits, 0 errors, 1 left on base; Asheville 2 - Lannister United 1
TOP OF THE 5TH
Asheville Highlanders batting - Pitching for Lannister United Lionhearts : LHP Pedro Tavárez
Batting: RHB Dan Parkinson 0-0: Ball
1-0: Fly out, F9 (Line Drive, 89M)
Batting: SHB Juan Carlos Santos 0-0: Called Strike
0-1: Ball
1-1: SINGLE (Groundball, 56D)
Batting: LHB Jordan Westacott 0-0: Called Strike
0-1: Foul Ball, location: 2F
0-2: Ball
1-2: Fly out, F8 (Flyball, 8LD)
Batting: LHB Pedro Gutiérrez 0-0: Ball
1-0: Fly out, F8 (Flyball, 8LM)
Top of the 5th over - 0 runs, 1 hit, 0 errors, 1 left on base; Asheville 2 - Lannister United 1
BOTTOM OF THE 5TH
Lannister United Lionhearts batting - Pitching for Asheville Highlanders : RHP Julián Menchaca
Batting: RHB José García 0-0: Foul Ball, location: 2F
0-1: Foul Ball, location: 2F
0-2: SINGLE (Line Drive, 7LS)
Batting: RHB Manuel Ramos 0-0: Ball
José García is caught stealing 2nd base
1-0: Foul Ball, location: 2F
1-1: SINGLE (Groundball, 6D)
Batting: RHB Lee Storment 0-0: Ball
1-0: Foul Ball, location: 2F
1-1: Ball
2-1: Fly out, F7 (Line Drive, 7LM)
Batting: RHB Juan Capmany 0-0: Called Strike
0-1: SINGLE (Groundball, 6D)
Manuel Ramos to second
Runner from 2nd tries for 3rd, SAFE, no throw
Batting: RHB Cristo Cuervo 0-0: Ball
1-0: Ball
2-0: Ball
3-0: Called Strike
3-1: Base on Balls
Juan Capmany to second
Batting: RHB Rob Ingram 0-0: Ball
Wild Pitch!
Manuel Ramos scores
Juan Capmany to third
Cristo Cuervo to second
1-0: Ground out U3 (Groundball, 3S)
Bottom of the 5th over - 1 run, 3 hits, 0 errors, 2 left on base; Asheville 2 - Lannister United 2
TOP OF THE 6TH
Asheville Highlanders batting - Pitching for Lannister United Lionhearts : LHP Pedro Tavárez
Batting: RHB Jarred Cobb 0-0: Ball
1-0: Ball
2-0: Called Strike
2-1: Called Strike
2-2: Strikes out looking
Batting: LHB Félix Calixto 0-0: Ball
1-0: Called Strike
1-1: Called Strike
1-2: Ball
2-2: Foul Ball, location: 2F
2-2: Ground out 4-3 (Groundball, 4M)
Batting: RHB Víctor Hernández 0-0: Ground out 6-3 (Groundball, 6)
Top of the 6th over - 0 runs, 0 hits, 0 errors, 0 left on base; Asheville 2 - Lannister United 2
BOTTOM OF THE 6TH
Lannister United Lionhearts batting - Pitching for Asheville Highlanders : RHP Julián Menchaca
Batting: LHB Jayden Laming 0-0: Swinging Strike
0-1: Called Strike
0-2: Fly out, F6 (Popup, P)
Batting: LHB Santiago Miranda 0-0: Fly out, F8 (Flyball, 89D)
Batting: RHB Tabor de Maria 0-0: Fly out, F9 (Flyball, 9LM)
Bottom of the 6th over - 0 runs, 0 hits, 0 errors, 0 left on base; Asheville 2 - Lannister United 2
TOP OF THE 7TH
Asheville Highlanders batting - Pitching for Lannister United Lionhearts : LHP Pedro Tavárez
Pinch Hitting: RHB Ed Lastinger 0-0: Called Strike
0-1: Fly out, F4 (Line Drive, 34)
Batting: RHB Craig Tricket 0-0: Called Strike
0-1: Foul Ball, location: 2F
0-2: Strikes out looking
Batting: RHB Dan Parkinson 0-0: Foul Ball, location: 2F
0-1: Foul Ball, location: 2F
0-2: Foul Ball, location: 2F
0-2: Foul Ball, location: 2F
0-2: Ball
1-2: Ball
2-2: DOUBLE (Groundball, 5L)
Batting: SHB Juan Carlos Santos 0-0: Ball
1-0: Ground out 3-1 (Groundball, 34)
Top of the 7th over - 0 runs, 1 hit, 0 errors, 1 left on base; Asheville 2 - Lannister United 2
BOTTOM OF THE 7TH
Lannister United Lionhearts batting - Pitching for Asheville Highlanders : RHP Julián Menchaca
Now at 2B: Ed Lastinger
Batting: RHB José García 0-0: Ball
1-0: Fly out, F4 (Popup, 34)
Batting: RHB Manuel Ramos 0-0: Called Strike
0-1: Called Strike
0-2: Ball
1-2: Ball
2-2: DOUBLE (Line Drive, 9LM)
Pinch Hitting: SHB Barney Heise 0-0: Called Strike
0-1: Ground out 5-3 (Groundball, 56)
Batting: RHB Juan Capmany 0-0: Ball
1-0: Called Strike
1-1: Swinging Strike
1-2: Ball
2-2: Ball
3-2: Foul Ball, location: 2F
3-2: Ground out 6-3 (Groundball, 6)
Bottom of the 7th over - 0 runs, 1 hit, 0 errors, 1 left on base; Asheville 2 - Lannister United 2
TOP OF THE 8TH
Asheville Highlanders batting - Pitching for Lannister United Lionhearts : LHP Pedro Tavárez
Now at 2B: Breanainn Swartwood
Pinch Hitting: RHB Marcos Rico 0-0: Ball
1-0: Ball
2-0: Called Strike
2-1: SINGLE (Groundball, 6MD)
Pitching: LHP Tadeo Pico
Batting: LHB Pedro Gutiérrez 0-0: Ball
Marcos Rico steals 2nd base
1-0: Ball
2-0: Called Strike
2-1: Foul Ball, location: 2F
2-2: Foul Ball, location: 2F
2-2: Fly out, F7 (Line Drive, 78S)
Batting: RHB Jarred Cobb 0-0: Intentional Walk
Pinch Hitting: RHB Mario Jacome 0-0: Called Strike
0-1: TRIPLE (Line Drive, 89XD)
Marcos Rico scores
Jarred Cobb scores
Batting: RHB Víctor Hernández 0-0: Ball
1-0: Foul Ball, location: 2F
1-1: Ball
2-1: Called Strike
2-2: Foul Ball, location: 2F
2-2: Ball
3-2: SINGLE (Groundball, 5D)
Mario Jacome scores
Pitching: LHP Fernando Elías
Batting: RHB Ed Lastinger 0-0: Ball
Víctor Hernández steals 2nd base
1-0: Intentional Walk
Batting: RHB Craig Tricket 0-0: Ball
1-0: Swinging Strike
1-1: Fly out, F8 (Line Drive, 8LD)
Batting: RHB Dan Parkinson 0-0: Foul Ball, location: 2F
0-1: Called Strike
0-2: Fly out, F9 (Flyball, 89S)
Top of the 8th over - 3 runs, 3 hits, 0 errors, 2 left on base; Asheville 5 - Lannister United 2
BOTTOM OF THE 8TH
Lannister United Lionhearts batting - Pitching for Asheville Highlanders : RHP Julián Menchaca
Now in CF: Mario Jacome
Now in RF: Marcos Rico
Batting: RHB Cristo Cuervo 0-0: Foul Ball, location: 2F
0-1: Called Strike
0-2: Ball
1-2: Foul Ball, location: 2F
1-2: DOUBLE (Line Drive, 9LS)
Batting: RHB Rob Ingram 0-0: Ball
1-0: Foul Ball, location: 2F
1-1: Called Strike
1-2: Ball
2-2: SINGLE (Groundball, 56D)
Cristo Cuervo to third
Batting: LHB Jayden Laming 0-0: Called Strike
0-1: Foul Ball, location: 2F
0-2: Ball
1-2: Foul Ball, location: 2F
1-2: Ball
2-2: Strikes out looking
Pitching: RHP Ricky O'Toole
Batting: LHB Santiago Miranda 0-0: Called Strike
0-1: Fly out, F7 (Line Drive, 7)
Runner from 3rd tags up, SCORES, throw made
Batting: RHB Tabor de Maria 0-0: Ball
1-0: Foul Ball, location: 2F
1-1: Foul Ball, location: 2F
1-2: Ground out 1-3 (Groundball, 13S)
Bottom of the 8th over - 1 run, 2 hits, 0 errors, 1 left on base; Asheville 5 - Lannister United 3
TOP OF THE 9TH
Asheville Highlanders batting - Pitching for Lannister United Lionhearts : LHP Fernando Elías
Batting: SHB Juan Carlos Santos 0-0: SINGLE (Line Drive, 6M)
Batting: RHB Marcos Rico 0-0: Called Strike
0-1: DOUBLE (Line Drive, 78XD)
Juan Carlos Santos to third
Batting: LHB Pedro Gutiérrez 0-0: Ball
1-0: Ball
2-0: Foul Ball, location: 2F
2-1: SINGLE (Line Drive, 3D)
Juan Carlos Santos scores
Marcos Rico to third
Runner from 3rd tries for Home, SAFE, throw made home
Pedro Gutiérrez to second
Pitching: LHP Won-min Yi
Batting: RHB Jarred Cobb 0-0: Ground out 5-3 (Groundball, 56)
Batting: RHB Mario Jacome 0-0: Fly out, F7 (Flyball, 7)
Batting: RHB Víctor Hernández 0-0: Foul Ball, location: 2F
0-1: Ball
1-1: Ground out 2-3 (Groundball, 15S)
Top of the 9th over - 2 runs, 3 hits, 0 errors, 1 left on base; Asheville 7 - Lannister United 3
BOTTOM OF THE 9TH
Lannister United Lionhearts batting - Pitching for Asheville Highlanders : RHP Ricky O'Toole
Batting: RHB José García 0-0: Ball
1-0: Ball
2-0: Called Strike
2-1: Ball
3-1: Base on Balls
Batting: RHB Manuel Ramos 0-0: Fielders Choice at 2nd, 1-6 (Groundball, 13S)
Batting: RHB Breanainn Swartwood 0-0: Ball
1-0: Ball
2-0: Ball
3-0: Called Strike
3-1: Ground out 6-3 (Groundball, 6S)
Manuel Ramos to second
Batting: RHB Juan Capmany 0-0: Ball
1-0: Fly out, F6 (Line Drive, 6)
Bottom of the 9th over - 0 runs, 0 hits, 0 errors, 1 left on base; Asheville 7 - Lannister United 3
Sunday, March 18th, 2018 - OOTP Baseball 18.8 Build 76